 Dungeon Crawl Stone Soup version 0.27.1-1-g398f81649c (webtiles) character file.

Game seed: 12111602161992940772

43 greenlake the Ruffian (level 3, 0/29 HPs)
             Began as a Draconian Transmuter on Sept 14, 2021.
             Slain by a gnoll (7 damage)
             ... on level 2 of the Dungeon.
             The game lasted 00:03:20 (1368 turns).

greenlake the Ruffian (Draconian Transmuter)        Turns: 1368, Time: 00:03:20

Health: 0/29       AC:  5    Str: 12    XL:     3   Next: 37%
Magic:  6/6        EV: 12    Int: 14    God:
Gold:   41         SH:  0    Dex: 11    Spells: 5/6 levels left

rFire    . . .     SeeInvis .     - Unarmed
rCold    . . .     Faith    .   (no shield)
rNeg     . . .     Spirit   .   (armour unavailable)
rPois    .         Reflect  .   (helmet restricted)
rElec    .         Harm     .   (no cloak)
rCorr    .         Rampage  .   (no gloves)
Will     .....                  (no boots)
Stlth    +.........             (no amulet)
HPRegen  0.09/turn              (no ring)
MPRegen  0.10/turn              (no ring)

@: no status effects
A: AC +5, unfitting armour, cold-blooded
a: no special abilities


You were on level 2 of the Dungeon.
You visited 1 branch of the dungeon, and saw 2 of its levels.

You collected 41 gold pieces.

Inventory:

Jewellery
 b - a ring of see invisible
 c - an amulet of faith
Scrolls
 a - a scroll of enchant weapon {unknown}


   Skills:
 + Level 1.8 Fighting
 + Level 2.2 Dodging
 + Level 3.3 Unarmed Combat
 + Level 2.3 Spellcasting
 + Level 2.4 Transmutations


You had 5 spell levels left.
You knew the following spells:

 Your Spells              Type           Power      Damage    Failure   Level
a - Beastly Appendage     Tmut           16%        N/A       9%          1

Your spell library contained the following spells:

 Spells                   Type           Power      Damage    Failure   Level
 Wereblood                Tmut           8%         N/A       13%         2
 Spider Form              Tmut/Pois      2%         N/A       38%         3
 Ice Form                 Ice/Tmut       5%         N/A       80%         4


Dungeon Overview and Level Annotations

Branches:
Dungeon (2/15)

Altars:


Innate Abilities, Weirdness & Mutations

Your plain brown scales are hard. (AC +5)
You cannot fit into any form of body armour.
You are cold-blooded and may be slowed by cold attacks.


Message History

You kill the gnoll!
A gnoll comes into view. It is wielding a +0 spear.
The gnoll shouts!
You hear a bark!
Your horns disappear.
Your talons disappear.
Casting: Beastly Appendage (safe; 9% risk of failure)
Confirm with . or Enter, or press ? or * to list all spells.
You grow a pair of large bovine horns.
Your feet morph into talons.
You hit the kobold but do no damage. Your kick misses the kobold.
Your headbutt misses the kobold. The kobold hits you with a +0 club.
You hit the kobold.
You kill the kobold!
The gnoll barely misses you.
Things that are here:
a +0 club; a kobold corpse The gnoll barely misses you.
The gnoll hits you with a +0 spear!
You hit the gnoll.
The gnoll is lightly wounded.
The gnoll hits you with a +0 spear. The gnoll hits you with a +0 spear!
* * * LOW HITPOINT WARNING * * *
The gnoll barely misses you. The gnoll closely misses you.
Things that are here:
a +0 club; a kobold corpse The gnoll hits you from afar with a +0 spear.
* * * LOW HITPOINT WARNING * * *
Your transformation is almost over.
Things that are here:
a jackal corpse; a jackal corpse A jackal comes into view.
The jackal barks!
A jackal comes into view.
A jackal comes into view.
The jackal barks! x2
The jackal bites you but does no damage.
The jackal bites you but does no damage.
The jackal barely misses you. x2
There is an escape hatch in the ceiling here.
Your horns disappear.
Your talons disappear.
The jackal barely misses you. x2
The gnoll hits you from afar with a +0 spear!
You die...

#...#...## ....###.#..## #
#### #)##..### .###.
#..##...# ##.#.. ####
##.####.####....# ...
##...g†.g.....# #
#.###....####g.#.####.##
##..............h.......#
##......##.###.h@h.......#
......####)###............
#####.####...#..........#
#....###......)####...
####.####..###.#
#.............
#######..##.### ...##.#
##.##>#


You could see 2 gnolls and 3 jackals.

Vanquished Creatures
  A gnoll (D:2)
  A dart slug (D:1)
  4 ball pythons (D:1)
  5 endoplasms
  2 giant cockroaches (D:1)
  3 goblins (D:1)
  3 jackals (D:2)
  A quokka (D:1)
  4 bats (D:1)
  2 frilled lizards (D:1)
  2 kobolds
28 creatures vanquished.

Vanquished Creatures (others)
  4 toadstools (D:1)
4 creatures vanquished.

Grand Total: 32 creatures vanquished

Notes
Turn   | Place    | Note
-------+----------+-------------------------------------------
     0 | D:1      | greenlake the Draconian Transmuter began the quest for the
                  | Orb.
     0 | D:1      | Reached XP level 1. HP: 16/16 MP: 3/3
   518 | D:1      | Reached XP level 2. HP: 22/23 MP: 5/5
   868 | D:1      | Found a faded altar of an unknown god.
  1261 | D:2      | Reached XP level 3. HP: 28/29 MP: 4/6
  1368 | D:2      | Slain by a gnoll

Illustrated notes

Levels and vault maps discovered:
D:1:      ldierk_water_garden, layout_loops_corners,
          dreamdust_ecumenical_altar_angels_and_demons
D:2:      layout_rooms

Skill      XL: |  1  2 |
---------------+-------+-----
Dodging        | 2 |  2.2
Fighting       | |  1.8
Unarmed Combat | |  3.3
Spellcasting   | |  2.3
Transmutations | |  2.4

Action                   || total
-------------------------++-------
Melee: Unarmed           ||    67
       Tailslap          ||     5
       Headbutt          ||    10
       Kick              ||     6
 Cast: Beastly Appendage ||    19
Armor: Skin              ||    21
Dodge: Dodged            ||    71
